 Dungeon Crawl Stone Soup version 0.26.1-10-gdfb7c7de75 (webtiles) character file.

Game seed: 12977936527163729035

1183 Dustman the Stinger (level 8, -3/62 HPs)
             Began as a Barachi Venom Mage on Mar 31, 2021.
             Was a Believer of Cheibriados.
             Slain by a slime creature (15 damage)
             ... on level 5 of the Dungeon.
             The game lasted 00:35:10 (2350 turns).

Dustman the Stinger (Barachi Venom Mage)            Turns: 2350, Time: 00:35:10

Health: -3/62      AC:  5    Str: 17 (20) XL:     8   Next: 42%
Magic:  10/15      EV: 12    Int: 19 (22) God:    Cheibriados [**....]
Gold:   209        SH:  5    Dex: 14 (16) Spells: 13/16 levels left

rFire    . . .     SeeInvis .   e - +4 dagger (elec)
rCold    . . .     Faith    .   (no shield)
rNeg     . . .     Spirit   .   b - +2 robe
rPois    .         Reflect  +   (no helmet)
rElec    .         Harm     .   m - +0 cloak
rCorr    .         Rampage  .   (no gloves)
Will     .....                  (no boots)
Stlth    ++........             k - amulet of reflection
HPRegen  0.20/turn              r - +6 ring of strength
MPRegen  0.14/turn              (no ring)

@: can't hop, flying, very slow
A: +LOS, swims, slowness 1, strong legs 1
a: Hop, Renounce Religion, Bend Time


You were on level 5 of the Dungeon.
You worshipped Cheibriados.
Cheibriados was pleased with you.
You visited 1 branch of the dungeon, and saw 7 of its levels.

You collected 209 gold pieces.

Inventory:

Hand Weapons
 e - a +4 dagger of electrocution (weapon)
 t - a cursed -2 quarterstaff
Missiles
 o - 5 silver boomerangs
 s - a throwing net (quivered)
Armour
 a - a +1 robe
 b - a +2 robe (worn)
 i - a scarf of shadows
 m - a +0 cloak (worn)
 q - a +0 leather armour
Jewellery
 k - an amulet of reflection (around neck)
 r - a +6 ring of strength (left hand)
Scrolls
 d - 2 scrolls of amnesia
 f - 6 scrolls of remove curse
 g - 2 scrolls of immolation
 h - 3 scrolls of fog
 u - 2 scrolls of enchant armour
 v - a scroll of identify
Potions
 c - 2 potions of cancellation
 j - 3 potions of mutation
 n - a potion of curing


   Skills:
 + Level 5.0 Fighting
 + Level 5.0 Armour
 - Level 2.1 Dodging
 - Level 1.7 Stealth
 + Level 4.8 Spellcasting
 - Level 3.0 Transmutations
 + Level 3.4 Air Magic
 + Level 5.8 Poison Magic


You had 13 spell levels left.
You knew the following spells:

 Your Spells              Type           Power        Failure   Level
a - Sting                 Tmut/Pois      84%          1%          1
b - Poisonous Vapours     Pois/Air       44%          3%          2

Your spell library contained the following spells:

 Spells                   Type           Power        Failure   Level
 Mephitic Cloud           Conj/Pois/Air  16%          11%         3
 Ignite Poison            Fire/Tmut/Pois 15%          12%         3
 Olgreb's Toxic Radiance  Pois           26%          12%         4


Dungeon Overview and Level Annotations

Branches:
Dungeon (7/15)             Temple (0/1) D:4

Altars:
Cheibriados
Fedhas
Nemelex Xobeh

Shops:
D:4 *

Annotations:
D:5 Menkaure


Innate Abilities, Weirdness & Mutations

You can be seen from farther away. (+LOS)
You can swim through water.
You cover ground slowly.
You can hop short distances.


Message History

Boing!
Okay, then.
You fail to use your ability.
The flow of time bends around you.
The slime creature easily resists.
The slime creature barely misses you.
Okay, then.
It was a potion of flight.
You feel very buoyant.
You fly up into the air.
The slime creature hits you!
It was a potion of degeneration.
There was something very wrong with that liquid.
You feel weakened.
You feel dopey.
You feel clumsy. You block the slime creature's attack.
You hit the slime creature.
The slime creature is lightly wounded.
The slime creature hits you!!
* * * LOW HITPOINT WARNING * * *
The ooze jiggles.
The slime creature hits you!
You die...

....##..###.....###...##(........
)....#..##.).....##..##..########
.....)..##.......##..#...#
#....[..##.......##......##
.......<##.......###......#
.......###....#### #.....##
.#.....# #....'..#####....##
##..#..# ########.# #..##..#
...#...# ##..J.J@####..##..#
...#...#*#J#######*#...##).##
.......##..÷J.÷...##........#
.......##JPJ....P.####>#...## *
.......##J.J.J....##...##.### *#
*,..#,,##÷J....JP.##..##....##*#.
*,,*,,,*#..J.÷....###.#B.....##..
*,,*,,,*#......J.?##....)........
,,,,,,,*################....###..


You could see 2 slime creatures and an ooze.

Vanquished Creatures
  Sigmund (D:2)
  2 ogres
  An ice beast (D:6)
  3 big kobolds (D:5)
  A scorpion (D:6)
  A wight (D:7)
  A howler monkey (D:4)
  A centaur zombie (D:5)
  2 hounds (D:6)
  Crazy Yiuf (D:2)
  A bullfrog skeleton (D:6)
  An orc priest (D:5)
  Terence (D:2)
  An orc wizard (D:5)
  3 worker ants
  A hound skeleton (D:6)
  A howler monkey zombie (D:7)
  3 adders (D:2)
  2 white imps
  2 oozes
  2 adder skeletons
  A worm (D:3)
  2 dart slugs (D:2)
  A leopard gecko (D:5)
  5 orcs
  2 ball pythons
  4 giant cockroaches
  7 goblins
  7 hobgoblins
  6 jackals
  2 quokkas
  6 bats
  5 frilled lizards
  12 kobolds
  2 quokka skeletons
  3 rats
97 creatures vanquished.

Vanquished Creatures (others)
  3 fungi
  12 toadstools (D:5)
15 creatures vanquished.

Grand Total: 112 creatures vanquished

Notes
Turn   | Place    | Note
-------+----------+-------------------------------------------
     0 | D:1      | Dustman the Barachi Venom Mage began the quest for the Orb.
     0 | D:1      | Reached XP level 1. HP: 13/13 MP: 3/3
   118 | D:1      | Reached XP level 2. HP: 5/20 MP: 3/5
   145 | D:1      | HP: 1/20 [bat (1)]
   408 | D:2      | Noticed Terence
   433 | D:2      | Reached skill level 1 in Fighting
   433 | D:2      | Reached skill level 1 in Armour
   510 | D:2      | Reached XP level 3. HP: 19/26 MP: 0/6
   556 | D:2      | Noticed Sigmund
   736 | D:2      | Learned a level 2 spell: Poisonous Vapours
   780 | D:3      | Reached XP level 4. HP: 32/32 MP: 8/8
   839 | D:2      | Killed Sigmund
   840 | D:2      | Reached XP level 5. HP: 31/39 MP: 1/9
   902 | D:2      | Found a runed translucent door.
   903 | D:2      | Noticed Crazy Yiuf
   916 | D:2      | Killed Crazy Yiuf
   917 | D:2      | Reached XP level 6. HP: 36/46 MP: 4/11
   999 | D:2      | Killed Terence
  1204 | D:3      | Found a snail-covered altar of Cheibriados.
  1379 | D:3      | Found a blossoming altar of Fedhas.
  1420 | D:3      | Became a worshipper of Cheibriados the Contemplative
  1460 | D:4      | Found Koask's General Store.
  1568 | D:4      | Found a staircase to the Ecumenical Temple.
  1622 | D:5      | Entered Level 5 of the Dungeon
  1632 | D:5      | Reached skill level 1 in Air Magic
  1643 | D:5      | You fall into a shaft and drop 1 floor!
  1653 | D:6      | Reached XP level 7. HP: 37/52 MP: 1/12
  1710 | D:6      | Reached skill level 5 in Poison Magic
  1731 | D:6      | Found a sparkling altar of Nemelex Xobeh.
  1792 | D:6      | Reached * piety under Cheibriados
  1897 | D:5      | Noticed Menkaure
  1993 | D:7      | Reached XP level 8. HP: 26/61 MP: 6/14
  2268 | D:5      | Reached ** piety under Cheibriados
  2269 | D:5      | Reached skill level 5 in Fighting
  2269 | D:5      | Reached skill level 5 in Armour
  2341 | D:5      | Noticed a slime creature
  2341 | D:5      | Noticed a slime creature
  2341 | D:5      | Noticed a slime creature
  2350 | D:5      | Slain by a slime creature

Illustrated notes

Levels and vault maps discovered:
D:1:      matt_arrival_grand_opening, layout_rooms
D:2:      layout_basic, uniq_sigmund, uniq_crazy_yiuf_cottage, uniq_terence
D:3:      layout_basic, lemuel_doored_altar, cheibriados_altar_1
D:4:      layout_cave_pods, nicolae_overflow_crystal_walls,
          minmay_temple_entry_tees, serial_shops,
          nicolae_shop_temple_entry_statues_fountains, shop
D:5:      cheibrodos_fertilizer, layout_cave_pools, hangedman_decor_riveting,
          minmay_stone_trees_large, uniq_menkaure
D:6:      layout_basic, nemelex_xobeh_ov_fountains_minmay, basic_altar
D:7:      layout_gridville, kiku_gazebo_pond_becter, minmay_chambers_of_fives,
          uniq_joseph

Skill      XL: |  1  2  3  4  5  6  7  8 |
---------------+-------------------------+-----
Fighting       | 1 2 3 4 5 |  5.0
Armour         | 1 2 3 4 5 |  5.0
Transmutations | 2 3 |  3.0
Spellcasting   | 3 4 |  4.8
Poison Magic   | 4 5 |  5.8
Air Magic      | 1 2 3 |  3.4
Dodging        | |  2.1
Stealth        | |  1.7

Action                   |  1- 3 |  4- 6 |  7- 9 || total
-------------------------+-------+-------+-------++-------
Melee: Dagger            |    39 |    53 |    89 ||   181
       Whip              |     4 |       |       ||     4
Throw: Throwing net      |       |       |     1 ||     1
 Cast: Sting             |    34 |    16 |    25 ||    75
       Poisonous Vapours |       |    19 |    18 ||    37
Invok: Bend Time         |       |       |     1 ||     1
 Abil: Hop               |     1 |     1 |     4 ||     6
  Use: Potion            |     1 |       |     3 ||     4
       Scroll            |     7 |     3 |     2 ||    12
 Stab: Sleeping          |     1 |     2 |       ||     3
Armor: Robe              |     9 |     7 |    20 ||    36
Dodge: Dodged            |    34 |    30 |    58 ||   122
Block: Other             |     1 |     6 |    21 ||    28
       Reflection        |       |     2 |     1 ||     3
